[ AOE2 MATCH · #505479255 ]
UnrankedBurmese vs Aztecs
Player's team · LOSS
Rival team · WIN
[ REPLAY ANALYSIS · EXTRACTED FROM THE RECORDED GAME ]
Feudal
9:43
Castle
—
Imperial
—
| APM avg | 49.4 |
| APM peak | 75 |
| eAPM avg | 20.3 |
| Villagers / military | 35 / 16 |
Focus
⚔️ 28.5% · 🌾 71.5%
Skirmisher ×10 · Militia ×6
Feudal
8:57
Castle
—
Imperial
—
| APM avg | 53.6 |
| APM peak | 84 |
| eAPM avg | 27.8 |
| Villagers / military | 49 / 17 |
Focus
⚔️ 39.2% · 🌾 60.8%
Archer ×13 · Eagle Scout ×4
Match map
Initial resources + every placement click. Lines = walls · curves = elevation contours. ◆ gold · ⬟ stone · ● berries · ✦ relic · ◌ wall gap
Your base· Open — unwalled flank
[R1] Duke PEÑAROL Thompson's base· Open — unwalled flank
Smoothed initial terrain · ◌ = detected wall gap · hover for details
Inputs per minute
— sane - - [R1] Duke PEÑAROL Thompson
Build order — sane
85 actions detected in the replay
| 0:00 | Create | Villager (Male) |
| 0:01 | Create | Villager (Male) |
| 0:01 | Create | Villager (Male) |
| 0:01 | Create | Villager (Male) |
| 0:02 | Build | House |
| 0:04 | Build | House |
| 1:23 | Create | Villager (Male) |
| 1:43 | Build | Lumber Camp |
| 2:02 | Create | Villager (Male) |
| 2:14 | Create | Villager (Male) |
| 2:42 | Create | Villager (Male) |
| 2:55 | Build | House |
| 3:06 | Create | Villager (Male) |
| 3:36 | Create | Villager (Male) |
| 3:52 | Create | Villager (Male) |
| 3:57 | Build | Mill |
| 4:30 | Create | Villager (Male) |
| 4:56 | Create | Villager (Male) |
| 5:28 | Create | Villager (Male) |
| 5:35 | Create | Villager (Male) |
| 5:46 | Build | Palisade Wall |
| 6:06 | Build | Barracks |
| 6:09 | Create | Villager (Male) |
| 6:24 | Create | Villager (Male) |
| 6:52 | Build | House |
| 6:57 | Research | Loom |
| 7:24 | Research | Feudal Age |
| 7:34 | Build | Mining Camp |
| 7:40 | Create | Militia |
| 8:02 | Create | Militia |
| 8:29 | Create | Militia |
| 8:40 | Build | House |
| 8:48 | Create | Villager (Male) |
| 9:05 | Create | Villager (Male) |
| 9:25 | Build | Mill |
| 9:43 | Age | Feudal Age |
| 9:45 | Research | Man-at-Arms (upgrade) |
| 10:08 | Create | Villager (Male) |
| 10:14 | Build | Archery Range |
| 10:24 | Create | Villager (Male) |
| 10:28 | Create | Villager (Male) |
| 10:30 | Build | Farm |
| 10:49 | Build | Farm |
| 11:10 | Create | Villager (Male) |
| 11:17 | Build | Farm |
| 11:19 | Build | Farm |
| 11:23 | Build | House |
| 11:25 | Create | Villager (Male) |
| 11:36 | Create | Skirmisher |
| 11:49 | Build | Farm |
| 11:50 | Build | Farm |
| 11:54 | Build | Palisade Wall |
| 12:06 | Create | Skirmisher |
| 12:20 | Create | Skirmisher |
| 12:41 | Create | Skirmisher |
| 12:47 | Create | Villager (Male) |
| 12:47 | Create | Villager (Male) |
| 12:49 | Build | Farm |
| 12:50 | Build | Farm |
| 13:01 | Build | House |
| 13:11 | Create | Skirmisher |
| 13:11 | Create | Militia |
| 13:19 | Create | Villager (Male) |
| 13:21 | Build | House |
| 13:23 | Create | Skirmisher |
| 13:28 | Build | Farm |
| 13:47 | Build | Palisade Wall |
| 13:48 | Create | Villager (Male) |
| 13:57 | Build | House |
| 13:58 | Create | Villager (Male) |
| 14:20 | Create | Villager (Male) |
| 14:21 | Create | Militia |
| 14:24 | Build | Farm |
| 14:26 | Build | Farm |
| 14:32 | Create | Militia |
| 14:35 | Build | Farm |
| 14:36 | Create | Villager (Male) |
| 14:52 | Create | Skirmisher |
| 14:54 | Create | Villager (Male) |
| 15:08 | Create | Villager (Male) |
| 15:09 | Create | Villager (Male) |
| 15:19 | Create | Skirmisher |
| 15:34 | Create | Skirmisher |
| 15:41 | Create | Skirmisher |
| 15:43 | Create | Villager (Male) |
Build order — [R1] Duke PEÑAROL Thompson
121 actions detected in the replay
| 0:00 | Create | Villager (Male) |
| 0:01 | Create | Villager (Male) |
| 0:01 | Create | Villager (Male) |
| 0:02 | Build | House |
| 0:02 | Build | House |
| 0:04 | Create | Villager (Male) |
| 1:20 | Create | Villager (Male) |
| 2:00 | Create | Villager (Male) |
| 2:12 | Build | Lumber Camp |
| 2:16 | Create | Villager (Male) |
| 3:02 | Create | Villager (Male) |
| 3:02 | Create | Villager (Male) |
| 3:05 | Create | Villager (Male) |
| 3:05 | Create | Villager (Male) |
| 3:53 | Create | Villager (Male) |
| 3:55 | Build | House |
| 4:20 | Build | House |
| 4:35 | Create | Villager (Male) |
| 4:37 | Create | Villager (Male) |
| 4:42 | Create | Villager (Male) |
| 4:44 | Create | Villager (Male) |
| 5:10 | Create | Villager (Male) |
| 5:10 | Create | Villager (Male) |
| 5:16 | Create | Villager (Male) |
| 5:30 | Build | Mill |
| 6:04 | Research | Loom |
| 6:04 | Research | Loom |
| 6:39 | Research | Feudal Age |
| 6:39 | Research | Feudal Age |
| 7:36 | Build | Mining Camp |
| 8:22 | Build | Barracks |
| 8:28 | Build | Palisade Wall |
| 8:32 | Build | Palisade Wall |
| 8:42 | Build | Palisade Wall |
| 8:44 | Build | Palisade Wall |
| 8:45 | Build | Palisade Wall |
| 8:45 | Build | Palisade Wall |
| 8:46 | Build | Palisade Wall |
| 8:46 | Build | Palisade Wall |
| 8:49 | Build | Palisade Wall |
| 8:50 | Build | Palisade Wall |
| 8:50 | Build | Palisade Wall |
| 8:51 | Build | Palisade Wall |
| 8:52 | Build | Palisade Wall |
| 8:57 | Age | Feudal Age |
| 8:57 | Create | Villager (Male) |
| 9:16 | Create | Eagle Scout |
| 9:16 | Create | Villager (Male) |
| 9:37 | Build | Archery Range |
| 9:52 | Build | Farm |
| 9:53 | Create | Villager (Male) |
| 9:53 | Create | Villager (Male) |
| 9:54 | Create | Villager (Male) |
| 9:59 | Create | Villager (Male) |
| 9:59 | Create | Villager (Male) |
| 10:06 | Build | Palisade Wall |
| 10:07 | Build | Palisade Wall |
| 10:08 | Build | Palisade Wall |
| 10:10 | Build | Palisade Wall |
| 10:11 | Build | Palisade Wall |
| 10:19 | Create | Villager (Male) |
| 10:23 | Build | Farm |
| 10:33 | Create | Archer |
| 10:36 | Build | House |
| 10:43 | Research | Town Watch |
| 10:44 | Create | Archer |
| 10:45 | Create | Villager (Male) |
| 10:45 | Create | Villager (Male) |
| 10:46 | Create | Villager (Male) |
| 10:47 | Create | Villager (Male) |
| 10:56 | Create | Archer |
| 10:56 | Create | Archer |
| 10:57 | Create | Villager (Male) |
| 11:09 | Build | Palisade Wall |
| 11:12 | Create | Villager (Male) |
| 11:17 | Build | House |
| 11:24 | Create | Archer |
| 11:43 | Create | Archer |
| 11:43 | Create | Villager (Male) |
| 11:46 | Build | Palisade Wall |
| 11:46 | Build | Palisade Wall |
| 11:47 | Build | Palisade Wall |
| 11:52 | Create | Villager (Male) |
| 12:04 | Create | Archer |
| 12:05 | Build | Blacksmith |
| 12:21 | Create | Archer |
| 12:23 | Create | Villager (Male) |
| 12:28 | Build | Farm |
| 12:30 | Build | Farm |
| 12:44 | Create | Archer |
| 12:55 | Build | Farm |
| 12:58 | Create | Villager (Male) |
| 12:58 | Create | Villager (Male) |
| 13:09 | Create | Archer |
| 13:21 | Research | Fletching |
| 13:23 | Create | Archer |
| 13:25 | Create | Villager (Male) |
| 13:38 | Create | Villager (Male) |
| 13:39 | Create | Villager (Male) |
| 13:39 | Create | Villager (Male) |
| 13:40 | Build | Farm |
| 13:42 | Build | House |
| 13:49 | Create | Villager (Male) |
| 13:52 | Build | Farm |
| 14:00 | Create | Archer |
| 14:13 | Create | Villager (Male) |
| 14:19 | Build | House |
| 14:19 | Build | House |
| 14:30 | Build | Farm |
| 14:31 | Create | Villager (Male) |
| 14:36 | Create | Archer |
| 14:40 | Create | Eagle Scout |
| 14:43 | Create | Villager (Male) |
| 14:46 | Build | House |
| 14:47 | Build | Palisade Wall |
| 14:51 | Create | Villager (Male) |
| 15:04 | Create | Eagle Scout |
| 15:09 | Build | House |
| 15:11 | Create | Eagle Scout |
| 15:26 | Create | Villager (Male) |
| 15:26 | Create | Villager (Male) |
Match timeline
| 5:46 | sane · wall_segment Palisade Wall x1 |
| 6:06 | sane · first_building Barracks |
| 8:22 | [R1] Duke PEÑAROL Thompson · first_building Barracks |
| 8:28 | [R1] Duke PEÑAROL Thompson · wall_segment Palisade Wall x1 |
| 8:32 | [R1] Duke PEÑAROL Thompson · wall_segment Palisade Wall x1 |
| 8:42 | [R1] Duke PEÑAROL Thompson · wall_segment Palisade Wall x1 |
| 8:44 | [R1] Duke PEÑAROL Thompson · wall_segment Palisade Wall x1 |
| 8:45 | [R1] Duke PEÑAROL Thompson · wall_segment Palisade Wall x1 |
| 8:45 | [R1] Duke PEÑAROL Thompson · wall_segment Palisade Wall x1 |
| 8:46 | [R1] Duke PEÑAROL Thompson · wall_segment Palisade Wall x1 |
| 8:46 | [R1] Duke PEÑAROL Thompson · wall_segment Palisade Wall x1 |
| 8:49 | [R1] Duke PEÑAROL Thompson · wall_segment Palisade Wall x1 |
| 8:50 | [R1] Duke PEÑAROL Thompson · wall_segment Palisade Wall x1 |
| 8:50 | [R1] Duke PEÑAROL Thompson · wall_segment Palisade Wall x1 |
| 8:51 | [R1] Duke PEÑAROL Thompson · wall_segment Palisade Wall x1 |
| 8:52 | [R1] Duke PEÑAROL Thompson · wall_segment Palisade Wall x1 |
| 8:57 | [R1] Duke PEÑAROL Thompson · age_up feudal |
| 9:37 | [R1] Duke PEÑAROL Thompson · first_building Archery Range |
| 9:43 | sane · age_up feudal |
| 10:06 | [R1] Duke PEÑAROL Thompson · wall_segment Palisade Wall x1 |
| 10:07 | [R1] Duke PEÑAROL Thompson · wall_segment Palisade Wall x1 |
| 10:08 | [R1] Duke PEÑAROL Thompson · wall_segment Palisade Wall x1 |
| 10:10 | [R1] Duke PEÑAROL Thompson · wall_segment Palisade Wall x1 |
| 10:11 | [R1] Duke PEÑAROL Thompson · wall_segment Palisade Wall x1 |
| 10:14 | sane · first_building Archery Range |
| 11:09 | [R1] Duke PEÑAROL Thompson · wall_segment Palisade Wall x1 |
| 11:46 | [R1] Duke PEÑAROL Thompson · wall_segment Palisade Wall x1 |
| 11:46 | [R1] Duke PEÑAROL Thompson · wall_segment Palisade Wall x1 |
| 11:47 | [R1] Duke PEÑAROL Thompson · wall_segment Palisade Wall x1 |
| 11:54 | sane · wall_segment Palisade Wall x8 |
| 13:47 | sane · wall_segment Palisade Wall x4 |
| 14:47 | [R1] Duke PEÑAROL Thompson · wall_segment Palisade Wall x8 |
| 15:57 | sane · resign |
[ AI ANALYSIS · 1 CREDIT ]
What really happened in this match?
Wolo.gg analyzes every decision: build order, eco, micro, common mistakes by bracket. Personalized analysis on WhatsApp or Discord in 30 seconds.
Civ guide
Burmese
Perfil
Jugador #4116886